 Dungeon Crawl Stone Soup version 0.24-a0-201-gf205589 (webtiles) character file.

Game seed: 964080882667532536

1197 Ijustatesigmund the Deliberate (level 8, -1/52 HPs)
             Began as an Octopode Wizard on Mar 20, 2019.
             Was a Follower of Cheibriados.
             Slain by a centaur (8 damage)
             ... on level 6 of the Dungeon.
             The game lasted 00:17:46 (8676 turns).

Ijustatesigmund the Deliberate (Octopode Wizard)    Turns: 8676, Time: 00:17:48

Health: -1/52      AC:  1    Str:  5    XL:     8   Next: 44%
Magic:  21/21      EV: 14    Int: 24    God:    Cheibriados [*.....]
Gold:   272        SH:  0    Dex: 17    Spells: 4/13 levels left

rFire    . . .     SeeInvis .   n - +2 dagger (flame)
rCold    . . .     Gourm    .   (no shield)
rNeg     . . .     Faith    .   m - +0 hat "Enieli" {rElec Str-3 Dex+2 Stlth+}
rPois    .         Spirit   .   (no amulet)
rElec    +         Reflect  .   s - ring of resist corrosion
rCorr    +         Harm     .   t - ring of magical power
MR       .....                  (no ring)
Stlth    ++++......             (no ring)
HPRegen  0.17/turn              (no ring)
MPRegen  0.17/turn              (no ring)
                                (no ring)
                                (no ring)

@: very slow
A: almost no armour, stealthy swim, amphibious, 8 rings, constrict 8, antennae
1, camouflage 1, agile 1, gelatinous body 1
a: Bend Time, Renounce Religion


You were on level 6 of the Dungeon.
You worshipped Cheibriados.
Cheibriados was aware of your devotion.
You were not hungry.

You visited 2 branches of the dungeon, and saw 7 of its levels.

You collected 272 gold pieces.

Inventory:

Hand Weapons
 b - a +1 mace
 h - a +1 dagger of holy wrath
 n - a +2 dagger of flaming (weapon)
Missiles
 g - 3 javelins (quivered)
Armour
 a - a +1 hat
 m - the +0 hat "Enieli" (worn) {rElec Str-3 Dex+2 Stlth+}
   (You acquired it on level 5 of the Dungeon)

   It affects your strength (-3).
   It affects your dexterity (+2).
   It insulates you from electricity.
   It makes you more stealthy.
Jewellery
 s - a ring of resist corrosion (left tentacle)
 t - a ring of magical power (right tentacle)
Wands
 j - a wand of flame (12)
 u - a wand of enslavement (7)
Scrolls
 e - 4 scrolls of identify
 f - 2 scrolls of remove curse
 i - 3 scrolls of amnesia
 k - 2 scrolls of fog
 l - 2 scrolls of teleportation
 o - a scroll of enchant weapon
Potions
 d - 2 potions of invisibility
 q - 4 potions of haste
 r - a potion of magic
 v - a potion of flight
Comestibles
 c - 8 rations


   Skills:
 - Level 3.1 Fighting
 - Level 3.8 Short Blades
 - Level 2.0 Dodging
 - Level 2.6 Stealth
 - Level 3.0 Spellcasting
 - Level 3.6 Conjurations
   Level 1.0 Summonings
 - Level 3.3 Translocations
 - Level 2.9 Fire Magic
 + Level 6.0 Invocations


You had 4 spell levels left.
You knew the following spells:

 Your Spells              Type           Power        Failure   Level  Hunger
a - Magic Dart            Conj           ###.         2%          1    None
b - Blink                 Tloc           N/A          4%          2    ##.....
c - Conjure Flame         Conj/Fire      ###.....     9%          3    ###....
d - Mephitic Cloud        Conj/Pois/Air  #.......     21%         3    ###....

Your spell library contained the following spells:

 Spells                   Type           Power        Failure   Level  Hunger
 Call Imp                 Summ           #.......     11%         2    ##.....
 Slow                     Hex            #.......     16%         2    ##.....


Dungeon Overview and Level Annotations

Branches:
Dungeon (6/15)             Temple (1/1) D:4

Altars:
Ashenzari
Cheibriados
Dithmenos
Elyvilon
Gozag
Hepliaklqana
Kikubaaqudgha
Makhleb
Nemelex Xobeh
Okawaru
Qazlal
Ru
Sif Muna
Trog
Uskayaw
Vehumet
Wu Jian
Xom
Yredelemnul
Zin
The Shining One


Innate Abilities, Weirdness & Mutations

You cannot wear most types of armour.
You are very stealthy in the water. (Stealth+)
You are amphibious.
You can wear up to eight rings at the same time.
You can use your tentacles to constrict eight enemies at once.
Your skin changes colour to match your surroundings (Stealth+).
Your rubbery body absorbs attacks. (AC +1, EV +1)
You have a pair of small antennae on your head.
You are agile. (Dex +2)


Message History

You hit the quokka zombie. You burn the quokka zombie.
You squeeze the quokka zombie.
You destroy the quokka zombie!
Cheibriados appreciates the change of pace.
You hit the centaur but do no damage.
The centaur unwields a +0 shortbow.
The centaur misses you.
You hit the centaur but do no damage. The centaur hits you.
* * * LOW HITPOINT WARNING * * *
The centaur hits you.
* * * LOW HITPOINT WARNING * * *
You hit the centaur but do no damage. Your squeeze misses the centaur.
The centaur hits you.
* * * LOW HITPOINT WARNING * * *
Okay, then.
Evoke which item? (* to show all) (? for menu, Esc to quit)
Aiming: Enslavement
Press: ? - help, Shift-Dir - straight line, f - centaur
Aim: a centaur (chance to defeat MR: 46%)
The centaur resists with some effort.
The centaur hits you!
You die...

### .# #.# ### ... ..
#.# .# ##.# #####.
.########<###...... #
...........#....... ..#
...########.#######...#
...# #......(((@c..#
...# #.###########$..#
.#.# ## .#.# .#.# ##.#


You could see a centaur.

Vanquished Creatures
  Grinder (D:5)
  An ice beast (D:6)
  A sky beast (D:5)
  A water moccasin skeleton (D:6)
  A vampire bat (D:3)
  3 crimson imps
  2 bullfrog zombies (D:5)
  2 hounds
  A bullfrog skeleton (D:5)
  An iguana (D:6)
  An orc wizard (D:5)
  4 worker ants
  Robin (D:2)
  3 gnolls (D:4)
  10 adders
  A shadow imp (D:5)
  2 oozes
  An adder skeleton (D:4)
  4 worms
  2 dart slugs
  3 fire bats (D:3)
  A leopard gecko (D:6)
  6 orcs
  2 spectral bats (D:3)
  A ball python (D:3)
  14 bats
  3 bat skeletons (D:3)
  A bat zombie (D:3)
  3 giant cockroaches
  14 goblins
  8 hobgoblins
  6 jackals (D:1)
  A quokka (D:3)
  A bat simulacrum (D:3)
  5 frilled lizards
  3 kobolds
  A quokka skeleton (D:5)
  A quokka zombie (D:6)
  8 rats
125 creatures vanquished.

Notes
Turn   | Place    | Note
-------+----------+-------------------------------------------
     0 | D:1      | Ijustatesigmund the Octopode Wizard began the quest for the
                  | Orb.
     0 | D:1      | Reached XP level 1. HP: 11/11 MP: 4/4
   417 | D:1      | Reached skill level 1 in Fighting
   417 | D:1      | Reached XP level 2. HP: 18/18 MP: 0/6
   421 | D:1      | Learned a level 2 spell: Blink
  1260 | D:1      | Reached XP level 3. HP: 23/23 MP: 0/7
  1275 | D:1      | Learned a level 3 spell: Conjure Flame
  2371 | D:2      | Reached XP level 4. HP: 28/29 MP: 8/8
  2450 | D:2      | Gained mutation: You have a pair of small antennae on your
                  | head. [potion of mutation]
  2450 | D:2      | Gained mutation: You are agile. (Dex +2) [potion of
                  | mutation]
  2538 | D:2      | Reached skill level 1 in Fire Magic
  2610 | D:2      | Noticed Robin
  2619 | D:2      | Killed Robin
  3700 | D:3      | Reached XP level 5. HP: 34/34 MP: 1/9
  4750 | D:3      | Reached XP level 6. HP: 34/41 MP: 6/10
  6042 | D:4      | Reached skill level 1 in Short Blades
  6049 | D:4      | Reached XP level 7. HP: 23/46 MP: 1/11
  6216 | D:4      | Found a staircase to the Ecumenical Temple.
  6234 | Temple   | Entered the Ecumenical Temple
  6341 | Temple   | Became a worshipper of Cheibriados the Contemplative
  6769 | D:4      | Found a glowing golden altar of the Shining One.
  6996 | D:5      | Entered Level 5 of the Dungeon
  7085 | D:5      | Reached skill level 1 in Invocations
  7139 | D:5      | Reached skill level 2 in Invocations
  7322 | D:5      | Learned a level 3 spell: Mephitic Cloud
  7451 | D:5      | Noticed Grinder
  7486 | D:5      | Reached skill level 3 in Invocations
  7488 | D:5      | Killed Grinder
  7488 | D:5      | Reached XP level 8. HP: 24/52 MP: 9/12
  7697 | D:5      | Reached skill level 4 in Invocations
  8124 | D:5      | Identified a scroll of acquirement
  8127 | D:5      | Got a steaming hat
  8138 | D:5      | Identified the +0 hat "Enieli" {rElec Str-3 Dex+2 Stlth+}
                  | (You acquired it on level 5 of the Dungeon)
  8625 | D:6      | Reached skill level 5 in Invocations
  8666 | D:6      | Reached * piety under Cheibriados
  8666 | D:6      | Reached skill level 6 in Invocations
  8676 | D:6      | Slain by a centaur

Levels and vault maps discovered:
D:1:      denvon_arrival_planthouse, layout_basic, nrook_mini_backslash
D:2:      layout_basic, chequers_serial_rivers_micro_d, uniq_robin
D:3:      layout_basic, goddamned_bats
D:4:      layout_basic, tso_altar, minmay_temple_entry_tees, first_ration
D:5:      layout_loops_corners, roderic_nine_men_s_morris, uniq_grinder
D:6:      layout_loops_ring
Temple:   regret_index_temple_sigil_plot

Skill      XL: |  1  2  3  4  5  6  7  8 |
---------------+-------------------------+-----
Fighting       | 1 2 3 |  3.1
Conjurations   | 2 3 |  3.6
Fire Magic     | 1 2 |  2.9
Translocations | 2 3 |  3.3
Short Blades   | 1 3 |  3.8
Invocations    | 3 6 |  6.0
Dodging        | |  2.0
Stealth        | |  2.6
Spellcasting   | |  3.0
Summonings     | |  1.0

Action                   |  1- 3 |  4- 6 |  7- 9 || total
-------------------------+-------+-------+-------++-------
Melee: Mace              |    35 |    58 |       ||    93
       Constrict         |     6 |    24 |    14 ||    44
       Tentacles         |     4 |    11 |    12 ||    27
       Dagger            |       |    27 |   100 ||   127
 Cast: Magic Dart        |    72 |   114 |    19 ||   205
       Conjure Flame     |       |     2 |       ||     2
Evoke: Wand              |       |       |     1 ||     1
  Use: Scroll            |     7 |     8 |     6 ||    21
       Potion            |       |     1 |     5 ||     6
 Stab: Sleeping          |     1 |     6 |     9 ||    16
  Eat: Chunk             |     1 |     8 |     3 ||    12
       Ration            |     1 |     1 |     2 ||     4
Armor: Skin              |     5 |    37 |    18 ||    60
Dodge: Dodged            |    38 |   120 |    31 ||   189

Table legend:
 A = Non-vault XP
 B = Vault XP
 C = Vault XP percentage of total XP
 D = Non-vault monster count
 E = Vault monster count
 F = Vault count percentage of total count
                 A         B        C        D         E       F
            +---------+---------+-------+---------+---------+-------
      Total |    1237 |     473 |  27.7 |      93 |      32 |  25.6
            +---------+---------+-------+---------+---------+-------
        D:1 |      37 |       0 |   0.0 |      19 |       0 |   0.0
        D:2 |      55 |      34 |  38.2 |      16 |      11 |  40.7
        D:3 |     156 |     183 |  54.0 |      22 |      20 |  47.6
        D:4 |     212 |       0 |   0.0 |      11 |       0 |   0.0
        D:5 |     424 |     256 |  37.6 |      17 |       1 |   5.6
        D:6 |     353 |       0 |   0.0 |       8 |       0 |   0.0
            +---------+---------+-------+---------+---------+-------
